 Dungeon Crawl Stone Soup version 0.31-a0-152-g6aa68a64a1 (webtiles) character file.

Game seed: 18062221335150835778

506150 Drazool the Slayer (level 24, -80/240 (242) HPs)
             Began as a Minotaur Monk on June 9, 2023.
             Was the Champion of Okawaru.
             Killed from afar by an ancient lich (81 damage)
             ... with a crystal spear
             ... on level 5 of the Vaults on June 10, 2023.
             The game lasted 03:53:31 (77826 turns).

Drazool the Slayer (Minotaur Monk)                 Turns: 77826, Time: 03:53:32

HP:   -80/240 (242) AC: 20    Str: 18    XL:     24   Next: 17%
MP:   34/34         EV: 28    Int:  7    God:    Okawaru [******]
Gold: 4766          SH: 17    Dex: 29    Spells: 23/23 levels left

rFire   + . .        b - +11 Singing Sword {sonic wave}
rCold   + + .        r - +0 kite shield {rC+ rF+}
rNeg    + . .        z - +4 ring mail
rPois   .            (helmet unavailable)
rElec   .            o - +2 cloak {Stlth+}
rCorr   .            R - +2 pair of gloves
SInv    +            H - +2 pair of boots {Fly}
Will    +....        (no amulet)
Stlth   +++          D - ring of Curit {rN+ Dex+6}
HPRegen 0.60/turn    v - ring of see invisible
MPRegen 0.24/turn

%: no passive effects
@: corroded, flying, lightly drained
A: horns 3, retaliatory headbutt, cold resistance 1
}: 2/15 runes: decaying, serpentine
a: Renounce Religion, Heroism, Finesse, Duel


You were on level 5 of the Vaults.
You worshipped Okawaru.
Okawaru was exalted by your worship.
You visited 9 branches of the dungeon, and saw 45 of its levels.
You also visited: Ossuary, Gauntlet and Ice Cave.

You collected 7000 gold pieces.
You spent 2234 gold pieces at shops.


Innate Abilities, Weirdness & Mutations

You have a pair of large horns on your head.
You reflexively headbutt those who attack you in melee.
Your flesh is cold resistant. (rC+)


   Skills:
 - Level 25.0 Fighting
 - Level 16.7 Long Blades
 + Level 16.1 Throwing
 + Level 18.4 Armour
 + Level 18.1 Dodging
 - Level 15.6 Shields
 + Level 17.7 Invocations
 + Level 14.2 Evocations


You had 23 spell levels left.
You didn't know any spells.
Your spell library contained the following spells:

 Spells                   Type           Power      Damage    Failure   Level
 Apportation              Tloc           0%         N/A       71%         1
 Foxfire                  Conj/Fire      0%         2x1d4     71%         1
 Freeze                   Ice            0%         1d3       71%         1
 Kiss of Death            Conj/Necr      0%         2d5       71%         1
 Magic Dart               Conj           0%         1d3       71%         1
 Necrotise                Necr           0%         1d4       71%         1
 Sting                    Tmut/Pois      0%         1d3       71%         1
 Cigotuvi's Dreadful Rot  Necr/Pois/Air  0%         N/A       85%         2
 Ensorcelled Hibernation  Hex/Ice        0%         N/A       85%         2
 Poisonous Vapours        Pois/Air       0%         N/A       85%         2
 Scorch                   Fire           0%         2d5       85%         2
 Sublimation of Blood     Necr           0%         N/A       85%         2
 Confusing Touch          Hex            0%         N/A       97%         3
 Dazzling Flash           Conj/Hex       0%         N/A       97%         3
 Frozen Ramparts          Ice            0%         1d1       97%         3
 Hailstorm                Conj/Ice       0%         3d3       97%         3
 Inner Flame              Hex/Fire       0%         N/A       97%         3
 Mephitic Cloud           Conj/Pois/Air  0%         N/A       97%         3
 Spider Form              Tmut/Pois      0%         N/A       97%         3
 Volatile Blastmotes      Fire/Tloc      0%         2d10      97%         3
 Anguish                  Hex/Necr       0%         N/A       100%        4
 Dispel Undead            Necr           0%         3d6       100%        4
 Flame Wave               Conj/Fire      0%         2d4       100%        4
 Fulminant Prism          Conj/Hex       0%         3d5       100%        4
 Ice Form                 Ice/Tmut       0%         N/A       100%        4
 Iskenderun's Mystic Bla  Conj/Tloc      0%         2d3       100%        4
 Manifold Assault         Tloc           0%         N/A       100%        4
 Olgreb's Toxic Radiance  Pois           0%         N/A       100%        4
 Sticky Flame             Conj/Fire      0%         2d3       100%        4
 Alistair's Intoxication  Tmut/Pois      0%         N/A       100%        5
 Blade Hands              Tmut           0%         N/A       100%        5
 Borgnjor's Vile Clutch   Necr/Erth      0%         N/A       100%        5
 Fireball                 Conj/Fire      0%         3d3       100%        5
 Freezing Cloud           Conj/Ice/Air   0%         6-21      100%        5
 Irradiate                Conj/Tmut      0%         3d11      100%        5
 Iskenderun's Battlesphe  Conj           0%         2d6       100%        5
 Lee's Rapid Deconstruct  Erth           0%         3d4*      100%        5
 Dispersal                Tloc           0%         N/A       100%        6
 Eringya's Noxious Bog    Tmut/Pois      0%         N/A       100%        6
 Leda's Unmaking          Conj/Erth      0%         9d1       100%        6
 Plasma Beam              Fire/Air       0%         2x1d10    100%        6
 Starburst                Conj/Fire      0%         6d3       100%        6
 Dragon Form              Tmut           0%         N/A       100%        7
 Borgnjor's Revivificati  Necr           0%         N/A       100%        8
 Discord                  Hex            0%         N/A       100%        8
 Disjunction              Tloc           0%         N/A       100%        8
 Ignition                 Fire           0%         3d3       100%        8
 Necromutation            Tmut/Necr      0%         N/A       100%        8
 Death's Door             Necr           0%         N/A       100%        9
 Summon Small Mammal      Summ           Unusable   N/A       N/A         1
 Call Imp                 Summ           Unusable   N/A       N/A         2
 Animate Dead             Necr           Unusable   N/A       N/A         4
 Death Channel            Necr           Unusable   N/A       N/A         6
 Simulacrum               Ice/Necr       Unusable   N/A       N/A         6
 Summon Cactus Giant      Summ           Unusable   N/A       N/A         6
 Haunt                    Necr/Summ      Unusable   N/A       N/A         7
 Spellforged Servitor     Conj/Summ      Unusable   N/A       N/A         7

Inventory:

Hand Weapons
 a - a +7 demon blade of freezing
 b - the +11 Singing Sword (weapon) {sonic wave}
   (You found it on level 2 of the Elven Halls)
 Z - the +2 double sword of the Vestibule of Hell {flame, rElec Will+ MP+9}
   (Okawaru gifted it to you on level 3 of the Depths)

   rElec:     It insulates you from electricity.
   MP:        It affects your magic capacity (+9).
   Will:      It increases your willpower.
Missiles
 g - 18 javelins
 s - 6 curare-tipped darts {=f}
 F - 2 throwing nets {=f}
 I - 6 boomerangs (quivered)
 L - 12 silver javelins
 S - 9 boomerangs of dispersal {=f}
Armour
 o - a +2 cloak of stealth (worn)
 r - a +0 kite shield of resistance (worn)
 z - a +4 ring mail (worn)
 H - a +2 pair of boots of flying (worn)
 R - a +2 pair of gloves (worn)
Jewellery
 v - a ring of see invisible (right hand)
 D - the ring of Curit (left hand) {rN+ Dex+6}
   (You found it on level 2 of the Snake Pit)

   [ring of dexterity]

   Dex:       It affects your dexterity (+6).
   rN:        It protects you from negative energy.
 P - a ring of poison resistance
 T - a +4 ring of protection
 W - a ring of willpower
 Y - a +4 ring of slaying
Wands
 k - a wand of mindburst (45)
 w - a wand of flame (86)
 C - a wand of roots (67)
 J - a wand of digging (10)
 O - a wand of polymorph (23)
 X - a wand of quicksilver (28)
Scrolls
 c - 7 scrolls of enchant weapon
 d - 9 scrolls of fog
 f - 10 scrolls of teleportation {@r2}
 j - 9 scrolls of poison
 m - 9 scrolls of fear
 n - 2 scrolls of enchant armour
 q - 4 scrolls of immolation
 u - 11 scrolls of vulnerability
 y - 4 scrolls of silence {!r}
 N - 4 scrolls of blinking
 V - a scroll of magic mapping
Potions
 h - 5 potions of curing {@q1}
 l - 3 potions of lignification
 p - 7 potions of ambrosia
 x - 3 potions of invisibility
 A - 5 potions of resistance
 B - 5 potions of attraction
 E - a potion of might
 G - 5 potions of enlightenment
 K - a potion of berserk rage {!q}
 M - 3 potions of magic
 Q - 5 potions of haste {@q3}
Miscellaneous
 e - a lightning rod (4/4)
 t - a phial of floods

Dungeon Overview and Level Annotations

Branches:
Dungeon (15/15)            Temple (0/1) D:5            Lair (5/5) D:9
  Swamp (4/4) Lair:2        Snake (4/4) Lair:2        Slime (0/5) Lair:5
    Orc (2/2) D:10            Elf (3/3) Orc:2        Vaults (5/5) D:14
  Crypt (3/3) Vaults:2       Tomb (0/3) Crypt:3      Depths (4/4) D:15
    Zot (0/5) Depths:4    Ossuary (visited)           IceCv (visited)
Gauntlet (visited)

Altars:
Elyvilon
Fedhas
Gozag
Hepliaklqana
Makhleb
Nemelex Xobeh
Okawaru
Qazlal
Ru
Sif Muna
Trog
Vehumet
Wu Jian
Xom
The Shining One
Jiyva

Shops:
D:3 :   D:7 *   D:8 :   D:14 [   Orc:2 (*=?   Elf:2 (   Swamp:1 *   Snake:2 *:
Vaults:2 !   Vaults:3 ?   Vaults:4 (   Depths:4 *

Portals:
Hell: Depths:1 Depths:2 Depths:3 Depths:4
Abyss: Depths:3
Pandemonium: Depths:2
Ziggurat: Depths:3
Trove: D:10 (give +7 demon blade)

Annotations:
D:6 2 transporters, Drain's ghost, novice HOMo
Lair:5 exclusion: oklob plant
Swamp:4 Roxanne
Vaults:5 Mennas
Depths:1 1 runed translucent door
Depths:2 1 transporter
Depths:3 exclusions: shining eye and 1 more exclusion

▓..▓ ▓..▓ . ▓..▓ .. ▓..▓
...▓▓▓▓▓..▓ .......▓..▓
..........▓
▓▓▓▓▓▓▓▓▓▓▓▓▓▓▓▓▓▓▓▓▓▓....▓
.......)...)@L..))...†....▓
^......†..†...............▓
▓▓▓▓▓▓▓▓▓▓▓▓▓▓▓▓▓▓▓▓▓▓▓▓▓▓▓


You could see an ancient lich (invisible).


Message History

The crystal spear hits you!!!!
* * * LOW HITPOINT WARNING * * *
The ancient lich casts a spell at you. The bolt of acid misses you.
Items here: )) ? [ ÷.
The ancient lich touches you.
* * * LOW HITPOINT WARNING * * *
You partially resist.
You feel drained.
Items here: ) [ ÷ †.
Unknown command.
You slice the ancient lich!!
The Singing Sword trills happily.
You send a blast of sound all around you.
The ancient lich is moderately damaged. x2
The ancient lich gestures at you while chanting.
You barely resist. You slash the ancient lich! You headbutt the ancient lich!
The ancient lich is severely damaged.
You slice the ancient lich!! You headbutt the ancient lich!
The ancient lich is almost destroyed.
The ancient lich casts a spell at you. The bolt of acid hits you!!
* * * LOW HITPOINT WARNING * * *
The acid corrodes you!
Unknown command.
You barely miss the ancient lich.
The ancient lich is almost destroyed.
The ancient lich casts a spell at you. The crystal spear hits you!!!!
You die...

Skill      XL: |  1  2  3  4  5  6  7  8  9 10 11 12 13 14 15 16 17 18 19 20 21 22 23 24 |
---------------+-------------------------------------------------------------------------+-----
Long Blades    | 4 5 6 10 14 15 16 | 16.7
Dodging        | 4 5 6 8 11 12 13 14 15 16 17 18 | 18.1
Fighting       | 4 5 8 12 17 20 21 22 23 24 25 | 25.0
Armour         | 1 2 3 4 8 9 11 12 14 15 16 18 | 18.4
Invocations    | 4 5 8 10 12 13 14 15 16 17 | 17.7
Throwing       | 6 8 10 11 12 13 14 15 16 | 16.1
Evocations     | 2 6 7 8 9 10 11 12 14 | 14.2
Shields        | 13 15 | 15.6

Action                     |  1- 3 |  4- 6 |  7- 9 | 10-12 | 13-15 | 16-18 | 19-21 | 22-24 || total
---------------------------+-------+-------+-------+-------+-------+-------+-------+-------++-------
  Melee: Falchion          |    24 |       |       |       |       |       |       |       ||    24
         Headbutt          |    12 |     9 |    56 |   137 |   308 |   447 |   595 |   455 ||  2019
         War axe           |    31 |    37 |       |       |       |       |       |       ||    68
         Long sword        |       |    20 |    79 |       |       |       |       |       ||    99
         Demon blade       |       |       |   162 |   447 |  1132 |  1436 |  1730 |   295 ||  5202
         Short sword       |       |       |       |    29 |       |       |       |       ||    29
         Scimitar          |       |       |       |       |    22 |    59 |       |       ||    81
         Double sword      |       |       |       |       |       |       |    34 |  1043 ||  1077
  Throw: Boomerang         |       |       |     7 |    21 |    33 |   303 |   208 |   171 ||   743
         Javelin           |       |       |       |       |       |    22 |     7 |    11 ||    40
         Dart              |       |       |       |       |       |       |     1 |       ||     1
 Invoke: Heroism           |       |       |     1 |     5 |     4 |     7 |     4 |     4 ||    25
         Finesse           |       |       |       |     3 |     2 |     5 |     2 |     2 ||    14
         Duel              |       |       |       |       |       |     1 |       |     1 ||     2
  Evoke: Wand              |       |     3 |       |       |     3 |     5 |       |       ||    11
    Use: Scroll            |     4 |     1 |    10 |     7 |    12 |    11 |     6 |    10 ||    61
         Potion            |       |       |       |     9 |     6 |     4 |     5 |     9 ||    33
   Stab: Petrified         |       |       |       |     2 |     8 |       |       |       ||    10
         Distracted        |       |       |       |       |     1 |     1 |       |     4 ||     6
         Petrifying        |       |       |       |       |     1 |       |       |       ||     1
         Sleeping          |       |       |       |       |       |     2 |    10 |     4 ||    16
         Confused          |       |       |       |       |       |     1 |       |       ||     1
 Armour: Scale mail        |    13 |    26 |       |       |       |       |       |       ||    39
         Robe              |     2 |       |       |       |       |       |       |       ||     2
         Ring mail         |       |     2 |    68 |    87 |   368 |   249 |   362 |   201 ||  1337
         Troll leather arm |       |       |       |     1 |       |       |       |       ||     1
         Skin              |       |       |       |   131 |       |       |       |       ||   131
  Dodge: Dodged            |    35 |    46 |   147 |   192 |   622 |   558 |   920 |   690 ||  3210
  Block: Kite shield       |       |       |       |       |   264 |   808 |  1040 |   736 ||  2848

Levels and vault maps discovered:
D:1:      scummos_arrival_simple_crosswalls, layout_basic, hangedman_decor_push,
          lemuel_flame_loot_1
D:2:      layout_rooms
D:3:      layout_loops_ring, serial_shops, shop, st_stairs_6
D:4:      layout_loops_ring, trog_ov_bears_minmay, mainiacjoe_overflow_alcove_2,
          lemuel_crystal_altar, serial_glass, glass_columns_c, glass_columns_a,
          uniq_blork_the_orc, uniq_sigmund
D:5:      layout_layer_cave, elyvilon_altar_3, mainiacjoe_overflow_chevrons,
          grunt_gozag_breadcrumbs, minmay_temple_entry_mist,
          nicolae_ossuary_entry_catacombs, uniq_duvessa, uniq_prince_ribbit1,
          uniq_eustachio
D:6:      layout_layer_cave, beargit_hepliaklqana_dungeon_heroes,
          amcnicky_altar_gilded, gammafunk_ghost_stat_death, uniq_grinder
D:7:      layout_basic, kennysheep_small_circle
D:8:      layout_loops_ring, serial_shops, nicolae_shop_tiny_glass, uniq_pikel
D:9:      layout_basic, grunt_lair_entry_orc_guard_hut, worms_lemuel
D:10:     layout_roguey, nicolae_wu_jian_wuxing_cycle,
          nicolae_vehumet_altar_sigil, tso_altar, zombieorc2_lemuel,
          special_room [special_room_orc], nicolae_trove_entry_crossroad,
          minmay_beelzebubs_servants
D:11:     layout_basic, gauntlet_entry_generic, jiyva_altar_1, uniq_psyche
D:12:     layout_cave_pools, minivault_26
D:13:     layout_basic
D:14:     layout_roguey [special_room_orc],
          hangedman_vaults_entry_quadrant_bands, serial_shops, shop,
          chequers_avenue, minmay_guarded_unrand_skullcrusher
D:15:     grunt_enter_depths_magical_seal, layout_long_grid, minivault_25,
          nrook_mini_backslash, uniq_josephine
Lair:1:   layout_roguey, serial_bayou_shore_a, grunt_megastairs_3
Lair:2:   layout_regular_city, palyth_hydra_swamp_entry,
          nicolae_snake_entry_squirm, basic_altar, uniq_erica
Lair:3:   layout_gridlike, pdpol_lair_cavern_descent, grunt_megastairs_5
Lair:4:   layout_gridlike, basic_altar, dreamdust_wasp_nest
Lair:5:   hangedman_lair_tendril_chambers, layout_hall_layers, slime_entry_1,
          fungi_pond_lemuel, minivault_11, lemuel_fruit_tree
Swamp:1:  layout_basic_swamp, evilmike_swamp_ruin_rubble_2,
          nicolae_island_escapes, uniq_jorgrun
Swamp:2:  layout_basic_swamp, portal_ice_cave_entry_ugly_swarm,
          serial_swamp_ruin, evilmike_swamp_ruin_wall,
          hangedman_swamp_ruin_wall, swamp_pool3, nicolae_swamp_baby_hydras,
          uniq_nikola
Swamp:3:  layout_basic_swamp, nicolae_swamp_big_swirl, swamp_pool5
Swamp:4:  swamp_basic_johnstein, layout_basic_swamp, uniq_roxanne, uniq_donald
Snake:1:  layout_chambers, basic_altar, serial_bayou_pond_a,
          serial_bayou_shore_b
Snake:2:  layout_basic, serial_shops, nicolae_shop_back_alley_shop,
          nicolae_shop_self_help, serial_bayou_shore_b
Snake:3:  layout_basic, special_room, grunt_ministairs_9, st_stairs_7,
          nicolae_snake_gridmaze_swirls, uniq_mlioglotl, uniq_asterion
Snake:4:  minmay_snake_end_coiled, layout_misc_corridors,
          nicolae_snake_gridmaze_waves, st_stairs_13, uniq_saint_roka,
          uniq_aizul
Orc:1:    layout_diamond_mine
Orc:2:    st_orc_mages, layout_diamond_mine
Elf:1:    layout_geoelf_diagonals, special_room [special_room_orc],
          minmay_elf_necromancy
Elf:2:    elven_hall_of_blades_hangedman_original
          [nicolae_blade_entry_diamond_columns], layout_geoelf_diagonals,
          basic_altar, serial_shops, shop, evilmike_ambush
          [evilmike_ambush_outer_pillars, evilmike_ambush_inner_basic],
          uniq_louise
Elf:3:    grunt_elf_hall_diamonds, layout_gridlike
Vaults:1: v_misc_1, nicolae_vaults_shrinking_rooms_1,
          nicolae_vaults_weapon_check, nicolae_vaults_minivaults,
          ontoclasm_vaults_ring_small, v_misc_4, hangedman_vaults_hat,
          layout_vaults_omnigrid
Vaults:2: nicolae_vaults_big_angled_halls, nicolae_vaults_octothorpe,
          nicolae_vaults_circle_grid_b, ontoclasm_vaults_eye,
          grunt_vaults_swirl, minmay_crypt_entry_vampire_xt,
          nicolae_vaults_stairing_the_circle, vaults_mumra_minichess,
          nicolae_vaults_disjoint_gnomons, hangedman_vaults_maws,
          nicolae_vaults_house_1, nicolae_vaults_house_2,
          hangedman_vaults_corner_blocks, nicolae_vaults_little_squares_3,
          vaults_room_hallway, nicolae_vaults_octothorpe,
          layout_vaults_maze_snakey, serial_shops,
          nicolae_shop_industrial_runoff
Vaults:3: portal_desolation_entry_salt, hangedman_vaults_restitches, v_rooms_3,
          ontoclasm_vaults_bender, nicolae_vaults_tetromino_T_2,
          ontoclasm_vaults_chip, vaults_dpeg_diagonal,
          nicolae_vaults_trapezoid_3, v_alt_pattern_6, v_misc_2, v_misc_9,
          layout_vaults_chaotic_city, serial_shops, shop
Vaults:4: nicolae_vaults_steering_wheel, nicolae_vaults_trapezoid_1, v_misc_8,
          nicolae_vaults_quartermaster, nicolae_vaults_double_plus_2,
          hangedman_vaults_maws, vaults_room_semicircle,
          nicolae_vaults_storage_closets_1, nicolae_vaults_disjoint_gnomons,
          grunt_vaults_hallway_long, ontoclasm_vaults_chip,
          hangedman_vaults_capsules, nicolae_vaults_big_angled_halls,
          layout_vaults_omnibox, serial_shops, nicolae_shop_bloodbath_and_beyond
Vaults:5: uniq_mennas
Crypt:1:  layout_regular_city, minicrypt_bobbens
Crypt:2:  layout_misc_corridors, grunt_megastairs_4, lemuel_elevator
Crypt:3:  due_elkab, layout_chaotic_city, st_stairs_6
Depths:1: layout_cave_pools, hell_entry, nicolae_sif_muna_condensation,
          chequers_serial_rivers_small_b, lightli_giant_bouncers
Depths:2: gammafunk_sealed_library, layout_basic, serial_glass, glass_columns_a,
          glass_columns_a, rand_demon_pan_entry_9, pf_dread_powers_of_hell
Depths:3: minmay_the_grid_3x3 [minmay_the_grid_rooms, minmay_the_grid_spikes,
          minmay_the_grid_x, minmay_the_grid_dragon_a,
          minmay_the_grid_outer_circle, minmay_the_grid_eight,
          minmay_the_grid_all_tris, minmay_the_grid_stretched_grid,
          minmay_the_grid_prize_diamond_cup], layout_gridville,
          enter_ziggurat_c, abyss_entry, nicolae_ru_sacrificial_ziggurat,
          pf_coc_iceberg, nrook_kobold_shadow_demons, minmay_staircase_statues,
          uniq_josephina
Depths:4: grunt_x_marks_the_spot, layout_long_grid, serial_shops, shop,
          fedhas_altar_fruit_tree, lightli_too_deep, serial_bayou_lagoon_a,
          drop_trap, grunt_decor_mini_mirrors, st_stairs_3,
          minmay_crystal_water, hangedman_glass_teeth, serial_bayou_pond_b,
          minmay_misc_feat_chi, grunt_decor_one_mirror, lemuel_flamethrower_2,
          uniq_vv

Notes
Turn   | Place    | Note
-------+----------+-------------------------------------------
     0 | D:1      | Drazool the Minotaur Monk began the quest for the Orb.
     0 | D:1      | Reached XP level 1. HP: 19/19 MP: 0/0
   439 | D:1      | Reached skill level 4 in Long Blades
   439 | D:1      | Reached XP level 2. HP: 26/26 MP: 1/1
   966 | D:2      | Reached skill level 4 in Dodging
  1000 | D:2      | Reached XP level 3. HP: 31/31 MP: 2/2
  1471 | D:3      | Reached XP level 4. HP: 39/39 MP: 3/3
  1538 | D:3      | Found Hienwigh's Book Boutique.
  1589 | D:3      | Reached skill level 5 in Long Blades
  1975 | D:4      | Noticed an orc warrior
  1985 | D:4      | Killed an orc warrior
  1986 | D:4      | Reached skill level 4 in Fighting
  1986 | D:4      | Reached skill level 1 in Armour
  1986 | D:4      | Reached skill level 5 in Dodging
  1986 | D:4      | Reached XP level 5. HP: 35/46 MP: 4/4
  1989 | D:4      | Reached skill level 2 in Armour
  2113 | D:4      | Found a burning altar of Makhleb.
  2201 | D:4      | Noticed Sigmund
  2207 | D:4      | Killed Sigmund
  2208 | D:4      | Reached skill level 6 in Long Blades
  2208 | D:4      | Reached XP level 6. HP: 55/55 MP: 5/5
  2310 | D:4      | Reached skill level 5 in Fighting
  2310 | D:4      | Reached skill level 3 in Armour
  2570 | D:4      | Identified a +1 robe of resistance
  2570 | D:4      | Noticed Blork the orc
  2578 | D:4      | Killed Blork the orc
  2579 | D:4      | Reached XP level 7. HP: 61/61 MP: 6/6
  2583 | D:4      | Found an iron altar of Okawaru.
  2609 | D:4      | Became a worshipper of Warmaster Okawaru
  2609 | D:4      | Reached * piety under Okawaru
  2609 | D:4      | Reached ** piety under Okawaru
  2659 | D:4      | Found a bloodstained altar of Trog.
  2745 | D:5      | Entered Level 5 of the Dungeon
  2866 | D:5      | Reached skill level 1 in Invocations
  2874 | D:5      | Reached skill level 2 in Invocations
  2875 | D:5      | Found a sand-covered staircase.
  2912 | Ossuary  | Entered an ossuary
  2940 | Ossuary  | Reached skill level 3 in Invocations
  3115 | Ossuary  | Reached skill level 4 in Invocations
  3142 | Ossuary  | Identified a scroll of acquirement
  3144 | Ossuary  | Acquired a +2 demon blade of freezing
  3215 | D:5      | Found a white marble altar of Elyvilon.
  3266 | D:5      | Found a stormy altar of Qazlal.
  3288 | D:5      | Reached XP level 8. HP: 65/69 MP: 10/10
  3334 | D:5      | Noticed Dowan
  3337 | D:5      | Found a staircase to the Ecumenical Temple.
  3337 | D:5      | Noticed Duvessa
  3343 | D:5      | Killed Duvessa
  3349 | D:5      | Killed Dowan
  3350 | D:5      | Reached skill level 5 in Invocations
  3428 | D:5      | Noticed Eustachio
  3434 | D:5      | Reached skill level 7 in Long Blades
  3441 | D:5      | Killed Eustachio
  3441 | D:5      | Reached *** piety under Okawaru
  3443 | D:5      | Reached skill level 8 in Long Blades
  3763 | D:5      | Found an opulent altar of Gozag.
  3798 | D:5      | Noticed Prince Ribbit
  3806 | D:5      | Killed Prince Ribbit
  3807 | D:5      | Reached skill level 9 in Long Blades
  4340 | D:6      | Found a shimmering altar of Xom.
  4350 | D:6      | Noticed Grinder
  4362 | D:6      | Killed Grinder
  4363 | D:6      | Reached skill level 10 in Long Blades
  4363 | D:6      | Reached XP level 9. HP: 55/74 MP: 11/11
  4467 | D:6      | Found a transporter.
  4523 | D:6      | Found a transporter.
  4667 | D:6      | Identified a +0 kite shield of resistance
  4693 | D:6      | Found a hazy altar of Hepliaklqana.
  4695 | D:6      | Found a faded altar of an unknown god.
  4808 | D:6      | Noticed Drain's ghost (novice HOMo)
  5150 | D:6      | Reached **** piety under Okawaru
  5462 | D:7      | Reached skill level 11 in Long Blades
  6055 | D:7      | Reached skill level 12 in Long Blades
  6307 | D:7      | Found Habuischil's Assorted Antiques.
  6339 | D:7      | Bought a scroll labelled KITUJ LUOSSUOPP for 32 gold pieces
  6538 | D:8      | Found Jinim's Book Boutique.
  6540 | D:8      | Noticed Pikel
  6558 | D:8      | Killed Pikel
  6559 | D:8      | Reached skill level 13 in Long Blades
  7094 | D:9      | Noticed a troll
  7101 | D:9      | Killed a troll
  7101 | D:9      | Reached ***** piety under Okawaru
  7102 | D:9      | Reached skill level 14 in Long Blades
  7102 | D:9      | Reached XP level 10. HP: 74/83 MP: 12/12
  7262 | D:9      | Reached skill level 6 in Fighting
  7358 | D:9      | Reached skill level 7 in Fighting
  7766 | D:9      | Reached skill level 8 in Fighting
  7766 | D:9      | Reached skill level 6 in Dodging
  7776 | D:9      | Reached skill level 4 in Armour
  7878 | D:9      | Found a staircase to the Lair.
  7882 | D:9      | Identified the +1 animal skin of Privacy {Harm} (Okawaru
                  | gifted it to you on level 9 of the Dungeon)
  7882 | D:9      | Received a gift from Okawaru
  7883 | D:9      | Reached skill level 1 in Throwing
  7966 | D:10     | Entered Level 10 of the Dungeon
  8033 | D:10     | Reached skill level 2 in Throwing
  8204 | D:10     | Reached skill level 3 in Throwing
  8209 | D:10     | Reached skill level 4 in Throwing
  8220 | D:10     | Reached skill level 5 in Throwing
  8325 | D:10     | Noticed an orange demon
  8325 | D:10     | Noticed an orange demon
  8325 | D:10     | Noticed an orange demon
  8325 | D:10     | Noticed an orange demon
  8336 | D:10     | Killed an orange demon
  8340 | D:10     | Killed an orange demon
  8341 | D:10     | Reached skill level 6 in Throwing
  8359 | D:10     | Killed an orange demon
  8360 | D:10     | Reached XP level 11. HP: 15/94 MP: 6/13
  8361 | D:10     | Found a staircase to the Orcish Mines.
  8361 | D:10     | HP: 1/94 [orc priest/nerve-wracking pain (9)]
  8364 | D:10     | Identified 2 potions of resistance
  8374 | D:10     | Reached skill level 7 in Throwing
  8717 | D:10     | Found a portal to a secret trove of treasure.
  8786 | D:10     | Found a radiant altar of Vehumet.
  8821 | D:10     | Found an ornate altar of the Wu Jian Council.
  8963 | D:10     | Reached skill level 8 in Throwing
  9111 | D:10     | Reached skill level 6 in Invocations
  9558 | D:10     | Found a glowing golden altar of the Shining One.
  9830 | Lair:1   | Entered Level 1 of the Lair of Beasts
  9938 | Lair:1   | Reached skill level 7 in Invocations
  9985 | Lair:1   | Noticed a catoblepas
  9997 | Lair:1   | Killed a catoblepas
  9997 | Lair:1   | Received a gift from Okawaru
 10157 | Lair:1   | Reached skill level 8 in Invocations
 10188 | Lair:1   | Reached skill level 5 in Armour
 10188 | Lair:1   | Reached skill level 7 in Dodging
 10281 | Lair:1   | Noticed a seven-headed hydra
 10295 | Lair:1   | Killed a seven-headed hydra
 10295 | Lair:1   | Received a gift from Okawaru
 10296 | Lair:1   | Reached skill level 6 in Armour
 10527 | Lair:1   | Reached skill level 8 in Dodging
 10865 | Lair:1   | Reached skill level 7 in Armour
 10953 | Lair:2   | Reached skill level 8 in Armour
 10954 | Lair:2   | Received a gift from Okawaru
 10957 | Lair:2   | Reached skill level 1 in Evocations
 11025 | Lair:2   | Reached skill level 2 in Evocations
 11025 | Lair:2   | Reached XP level 12. HP: 86/101 MP: 17/17
 11032 | Lair:2   | Reached skill level 3 in Evocations
 11188 | Lair:2   | Noticed a boulder beetle
 11207 | Lair:2   | Killed a boulder beetle
 11208 | Lair:2   | Reached skill level 4 in Evocations
 11255 | Lair:2   | Noticed an eight-headed hydra
 11255 | Lair:2   | Noticed a seven-headed hydra
 11271 | Lair:2   | Killed a seven-headed hydra
 11271 | Lair:2   | Received a gift from Okawaru
 11279 | Lair:2   | Reached skill level 5 in Evocations
 11281 | Lair:2   | Killed an eight-headed hydra
 11281 | Lair:2   | Received a gift from Okawaru
 11392 | Lair:2   | Reached skill level 6 in Evocations
 11404 | Lair:2   | Noticed a death yak
 11405 | Lair:2   | Noticed a death yak
 11406 | Lair:2   | Noticed a death yak
 11407 | Lair:2   | Noticed a death yak
 11407 | Lair:2   | Noticed a death yak
 11421 | Lair:2   | Noticed a death yak
 11430 | Lair:2   | Killed a death yak
 11439 | Lair:2   | Killed a death yak
 11439 | Lair:2   | Received a gift from Okawaru
 11440 | Lair:2   | Reached skill level 9 in Fighting
 11442 | Lair:2   | Killed a death yak
 11454 | Lair:2   | Killed a death yak
 11455 | Lair:2   | Reached skill level 10 in Fighting
 11462 | Lair:2   | Killed a death yak
 11468 | Lair:2   | Killed a death yak
 11514 | Lair:1   | Reached skill level 11 in Fighting
 11816 | Lair:2   | Noticed Erica
 11832 | Lair:2   | Killed Erica
 12058 | Lair:2   | Noticed a death yak
 12060 | Lair:2   | Noticed a death yak
 12060 | Lair:2   | Noticed a death yak
 12065 | Lair:2   | Killed a death yak
 12066 | Lair:2   | Reached skill level 12 in Fighting
 12068 | Lair:2   | Noticed a death yak
 12070 | Lair:2   | Killed a death yak
 12081 | Lair:2   | Killed a death yak
 12081 | Lair:2   | Received a gift from Okawaru
 12091 | Lair:2   | Killed a death yak
 12352 | Lair:2   | Found a sparkling altar of Nemelex Xobeh.
 12431 | Lair:2   | Found a staircase to the Snake Pit.
 12442 | Lair:2   | Reached XP level 13. HP: 81/119 MP: 18/18
 12595 | Lair:2   | Reached skill level 13 in Fighting
 12823 | Lair:2   | Found a staircase to the Swamp.
 13090 | Lair:3   | Reached ****** piety under Okawaru
 13239 | Lair:3   | Reached skill level 14 in Fighting
 13406 | Lair:3   | Received a gift from Okawaru
 13700 | Lair:3   | Received a gift from Okawaru
 13701 | Lair:3   | Reached skill level 15 in Fighting
 13927 | Lair:3   | Identified the +1 quarterstaff "Jeuleuck" {freeze, rN++
                  | Int+4 Stlth+} (Okawaru gifted it to you on level 3 of the
                  | Lair of Beasts)
 13927 | Lair:3   | Received a gift from Okawaru
 14809 | Lair:4   | Found an opulent altar of Gozag.
 14938 | Lair:4   | Reached skill level 16 in Fighting
 15392 | Lair:4   | Received a gift from Okawaru
 15393 | Lair:4   | Reached skill level 17 in Fighting
 15881 | Lair:5   | Entered Level 5 of the Lair of Beasts
 15968 | Lair:5   | Reached XP level 14. HP: 59/141 MP: 19/19
 15969 | Lair:5   | Reached skill level 18 in Fighting
 16652 | Lair:5   | Found a staircase to the Slime Pits.
 16919 | Lair:5   | Paralysed by a hornet for 2 turns
 16932 | Lair:5   | Reached skill level 19 in Fighting
 17193 | Lair:5   | Received a gift from Okawaru
 17752 | Lair:5   | Identified the +7 rapier of Frustration {speed, rElec rC-
                  | Will++ SInv}
 17912 | Lair:5   | Reached skill level 20 in Fighting
 17960 | Lair:5   | Identified the +11 hand axe of Uskayaw's Supremacy {heavy,
                  | rElec}
 18180 | Lair:5   | Identified the +7 short sword of the Toothy God {flame, Fly
                  | Dex+3}
 18456 | Orc:1    | Entered Level 1 of the Orcish Mines
 18577 | Orc:1    | Received a gift from Okawaru
 18772 | Orc:2    | Entered Level 2 of the Orcish Mines
 19092 | Orc:2    | Received a gift from Okawaru
 19341 | Orc:2    | Found a staircase to the Elven Halls.
 19349 | Orc:2    | Received a gift from Okawaru
 19967 | Orc:2    | Found Kanuy's Magic Scroll Emporium.
 19967 | Orc:2    | Found Coyrph's Antique Weapon Shoppe.
 19967 | Orc:2    | Found Tupial's Jewellery Emporium.
 19977 | Orc:2    | Found Depraosch's General Store.
 20027 | Orc:2    | Bought a scroll of blinking for 120 gold pieces
 20028 | Orc:2    | Bought a +6 ring of dexterity for 612 gold pieces
 20412 | D:11     | Reached skill level 15 in Long Blades
 20423 | D:11     | Found a gate leading to a gauntlet.
 20430 | Gauntlet | Entered a Gauntlet
 20430 | Gauntlet | Found a transporter.
 20430 | Gauntlet | Found a transporter.
 20434 | Gauntlet | Found a transporter.
 20434 | Gauntlet | Found a transporter.
 20450 | Gauntlet | Found a transporter.
 20456 | Gauntlet | Found a large runed translucent door.
 20457 | Gauntlet | Found a large runed translucent door.
 20459 | Gauntlet | Found a runed translucent gate.
 20460 | Gauntlet | Found a transporter.
 20460 | Gauntlet | Found a transporter.
 20463 | Gauntlet | Found a transporter.
 20467 | Gauntlet | Found a runed translucent gate.
 20467 | Gauntlet | Found a runed translucent gate.
 20467 | Gauntlet | Noticed a quicksilver ooze
 20469 | Gauntlet | Found a large runed translucent door.
 20470 | Gauntlet | Found a large runed translucent door.
 20482 | Gauntlet | Found a large runed translucent door.
 20482 | Gauntlet | Found a large runed translucent door.
 20483 | Gauntlet | Found a large runed translucent door.
 20483 | Gauntlet | Found a large runed translucent door.
 20490 | Gauntlet | Found a transporter.
 20493 | Gauntlet | Found a large runed translucent door.
 20493 | Gauntlet | Found a large runed translucent door.
 20493 | Gauntlet | Found a runed translucent door.
 20493 | Gauntlet | Found a runed translucent door.
 20494 | Gauntlet | Found a large runed translucent door.
 20495 | Gauntlet | Found a large runed translucent door.
 20497 | Gauntlet | Found a transporter.
 20502 | Gauntlet | Noticed a cacodemon
 20603 | Gauntlet | Found a transporter.
 20617 | Gauntlet | Found a transporter.
 20635 | Gauntlet | Found a transporter.
 20726 | Gauntlet | Found a transporter.
 20774 | Gauntlet | Found a transporter.
 20807 | Gauntlet | Gained mutation: You occasionally lose the ability to read
                  | scrolls when taking damage. [a cacodemon]
 20809 | Gauntlet | Killed a cacodemon
 20817 | Gauntlet | Identified the ring "Obacvuasi" {Wiz rC- rN+ Str+6}
 20819 | Gauntlet | Lost mutation: You occasionally lose the ability to read
                  | scrolls when taking damage. [potion of mutation]
 20819 | Gauntlet | Gained mutation: You sometimes lose your temper in combat.
                  | [potion of mutation]
 20819 | Gauntlet | Gained mutation: You are partially covered in iridescent
                  | scales. (AC +2) [potion of mutation]
 20819 | Gauntlet | Gained mutation: You have a pair of large horns on your
                  | head. [potion of mutation]
 20833 | Gauntlet | Found a transporter.
 20848 | Gauntlet | Found a large runed translucent door.
 20848 | Gauntlet | Found a large runed translucent door.
 20849 | Gauntlet | Found a large runed translucent door.
 20850 | Gauntlet | Found a large runed translucent door.
 21153 | Gauntlet | Got the Catalogue of Vitiation
 22001 | D:11     | Found a viscous altar of Jiyva.
 22011 | D:11     | Reached XP level 15. HP: 156/157 MP: 20/20
 22089 | D:11     | Noticed Psyche
 22093 | D:11     | Reached skill level 1 in Shields
 22112 | D:11     | Reached skill level 2 in Shields
 22115 | D:11     | Killed Psyche
 22419 | D:11     | Reached skill level 3 in Shields
 22638 | D:12     | Reached skill level 4 in Shields
 22645 | D:12     | Received a gift from Okawaru
 22714 | D:12     | Reached skill level 5 in Shields
 23055 | D:12     | Lost mutation: You are partially covered in iridescent
                  | scales. (AC +2) [potion of mutation]
 23055 | D:12     | Lost mutation: You have a pair of large horns on your head.
                  | [potion of mutation]
 23055 | D:12     | Gained mutation: Your magical capacity is low. (-10% MP)
                  | [potion of mutation]
 23055 | D:12     | Gained mutation: You are somewhat resistant to further
                  | mutation. [potion of mutation]
 23055 | D:12     | Gained mutation: You have a pair of large horns on your
                  | head. [potion of mutation]
 23324 | D:13     | Reached skill level 6 in Shields
 23357 | D:13     | Reached skill level 7 in Shields
 23587 | D:13     | Reached skill level 8 in Shields
 24024 | D:13     | Reached skill level 9 in Shields
 24335 | D:14     | Received a gift from Okawaru
 24472 | D:14     | Found Etrihaevac's Antique Armour Shop.
 24476 | D:14     | Bought a translucent cloak for 361 gold pieces
 24476 | D:14     | Identified the +2 cloak of Courage {*Slow rPois rF+++
                  | Dex-4} (You bought it in a shop on level 14 of the Dungeon)
 24514 | D:14     | Reached skill level 10 in Shields
 24552 | D:14     | Reached skill level 11 in Shields
 24880 | D:14     | Received a gift from Okawaru
 25298 | Orc:2    | Bought 2 scrolls of brand weapon for 304 gold pieces
 25506 | D:14     | Reached skill level 12 in Shields
 25525 | D:14     | Identified the +0 robe "Jawnuq" {*Corrode +Blink Str-3
                  | Stlth+} (Okawaru gifted it to you on level 14 of the
                  | Dungeon)
 25525 | D:14     | Received a gift from Okawaru
 25942 | D:14     | Reached skill level 13 in Shields
 26160 | D:14     | Found the +3 giant club "Skullcrusher" {speed, Str+7}
 26450 | D:14     | Found a gate to the Vaults.
 26519 | D:15     | Entered Level 15 of the Dungeon
 26532 | D:15     | Noticed Josephine
 26541 | D:15     | Killed Josephine
 26664 | D:15     | Reached XP level 16. HP: 165/165 MP: 18/18
 26667 | D:15     | Reached skill level 14 in Shields
 26881 | D:15     | Identified the +5 falchion "Omolorr" {antimagic, rElec
                  | rCorr}
 27101 | D:15     | Reached skill level 15 in Shields
 27130 | D:15     | Found a staircase to the Depths.
 27685 | Snake:1  | Entered Level 1 of the Snake Pit
 27768 | Snake:1  | Lost mutation: Your magical capacity is low. (-10% MP)
                  | [potion of mutation]
 27768 | Snake:1  | Lost mutation: You are somewhat resistant to further
                  | mutation. [potion of mutation]
 27768 | Snake:1  | Lost mutation: You sometimes lose your temper in combat.
                  | [potion of mutation]
 27768 | Snake:1  | Gained mutation: Your flesh is cold resistant. (rC+)
                  | [potion of mutation]
 27917 | Snake:1  | Found a stormy altar of Qazlal.
 28292 | Snake:1  | Reached skill level 21 in Fighting
 28298 | Snake:1  | Received a gift from Okawaru
 28493 | Snake:1  | Identified the +5 trident "Apicweth" {freeze, rPois}
 28973 | Snake:2  | Received a gift from Okawaru
 29225 | Snake:2  | Found Dush's Assorted Antiques.
 29229 | Snake:2  | Bought a scroll of brand weapon for 275 gold pieces
 29589 | Snake:2  | Found Nuskiuna's Self-Improvement Boutique.
 29598 | Snake:2  | Reached skill level 16 in Long Blades
 29838 | Snake:2  | Identified the ring of Curit {rN+ Dex+6}
 30139 | Snake:3  | Reached skill level 9 in Invocations
 30503 | Snake:3  | Received a gift from Okawaru
 30659 | Snake:3  | Noticed Asterion
 30681 | Snake:3  | Killed Asterion
 31517 | Snake:3  | Noticed Mlioglotl
 31529 | Snake:3  | Killed Mlioglotl
 32206 | Snake:4  | Entered Level 4 of the Snake Pit
 32211 | Snake:4  | Identified a +2 robe of resistance
 32215 | Snake:4  | Noticed Saint Roka
 33077 | Snake:4  | Reached skill level 10 in Invocations
 33086 | Snake:4  | Received a gift from Okawaru
 33177 | Snake:4  | Reached XP level 17. HP: 176/176 MP: 23/23
 33812 | Snake:4  | Noticed Aizul
 33817 | Snake:3  | HP: 12/176 [poisoned by Aizul (poison arrow)]
 34195 | Snake:4  | Killed Saint Roka
 34195 | Snake:4  | Received a gift from Okawaru
 34304 | Snake:3  | HP: 16/176 [poisoned by a nagaraja (splash of poison)]
 34309 | Snake:3  | HP: 14/176 [poisoned by a nagaraja (splash of poison)]
 34651 | Snake:4  | Reached skill level 9 in Dodging
 35037 | Snake:4  | Killed Aizul
 35231 | Snake:4  | Reached skill level 11 in Invocations
 35793 | Snake:4  | Reached skill level 10 in Dodging
 36914 | Snake:4  | Got a serpentine rune of Zot
 37343 | Swamp:1  | Entered Level 1 of the Swamp
 37646 | Swamp:1  | Noticed Jorgrun
 37661 | Swamp:1  | Killed Jorgrun
 37661 | Swamp:1  | Received a gift from Okawaru
 37661 | Swamp:1  | Found the +7 lajatang of Order {silver, rMut}
 37662 | Swamp:1  | Reached skill level 22 in Fighting
 37875 | Swamp:1  | Found Myock's Island Escapes.
 37896 | Swamp:1  | Bought 2 potions of invisibility for 176 gold pieces
 37896 | Swamp:1  | Bought a scroll of blinking for 82 gold pieces
 37896 | Swamp:1  | Bought a scroll of blinking for 82 gold pieces
 38110 | Swamp:2  | Found a frozen archway.
 38113 | Swamp:2  | Reached skill level 9 in Armour
 38194 | IceCv    | Entered an ice cave
 38434 | IceCv    | Reached skill level 11 in Dodging
 38434 | IceCv    | Reached skill level 12 in Invocations
 38543 | IceCv    | Received a gift from Okawaru
 38547 | IceCv    | Reached skill level 7 in Evocations
 38610 | IceCv    | Reached XP level 18. HP: 184/184 MP: 26/26
 38635 | IceCv    | Noticed a shard shrike
 38636 | Arena    | Entered the Arena
 38652 | Arena    | Killed a shard shrike
 38653 | Arena    | Reached skill level 9 in Throwing
 39770 | Swamp:2  | Noticed Nikola
 39792 | Swamp:2  | Killed Nikola
 39858 | Swamp:2  | Reached skill level 10 in Armour
 41068 | Swamp:4  | Entered Level 4 of the Swamp
 41089 | Swamp:4  | Identified the +2 ring mail of Broken Taboos {rElec rF++
                  | MP+9 Slay-2} (Okawaru gifted it to you on level 4 of the
                  | Swamp)
 41089 | Swamp:4  | Received a gift from Okawaru
 41280 | Swamp:4  | Noticed Roxanne
 41890 | Swamp:4  | Identified the +1 kite shield "Qampo" {rElec Dex+3}
 41890 | Swamp:4  | Noticed Donald
 41909 | Swamp:4  | Killed Donald
 42143 | Swamp:4  | Reached skill level 8 in Evocations
 42223 | Swamp:4  | Reached skill level 10 in Throwing
 42375 | Swamp:4  | Reached skill level 12 in Dodging
 42476 | Swamp:4  | Got a decaying rune of Zot
 43710 | Elf:1    | Entered Level 1 of the Elven Halls
 44123 | Elf:1    | Got Fotuug's Volume of Malevolent Ceremonies
 44232 | Elf:1    | Reached skill level 11 in Armour
 44678 | Elf:1    | Identified the +7 trident of the Nexus {flame, rPois Int+8
                  | SInv}
 44707 | Elf:1    | Paralysed by an air elemental for 1 turns
 44923 | Elf:1    | Reached XP level 19. HP: 93/193 MP: 27/27
 44956 | Elf:1    | Received a gift from Okawaru
 45477 | Vaults:1 | Entered Level 1 of the Vaults
 45519 | Vaults:1 | Paralysed by a formless jellyfish for 1 turns
 45531 | D:14     | Reached skill level 13 in Invocations
 46117 | Vaults:1 | Identified the +0 ring mail "Vamyih" {Will- Str+2 Int+3}
                  | (Okawaru gifted it to you on level 1 of the Vaults)
 46117 | Vaults:1 | Received a gift from Okawaru
 46356 | Vaults:1 | Reached skill level 23 in Fighting
 47064 | Vaults:1 | Reached skill level 9 in Evocations
 47851 | Vaults:2 | Reached skill level 11 in Throwing
 47865 | Vaults:2 | Reached skill level 12 in Armour
 48030 | Vaults:2 | Reached skill level 13 in Dodging
 48444 | Vaults:2 | Received a gift from Okawaru
 48501 | Vaults:2 | Paralysed by a sphinx for 5 turns
 48908 | Vaults:1 | Identified the +0 pair of boots of Duty {rElec} (Okawaru
                  | gifted it to you on level 1 of the Vaults)
 48908 | Vaults:1 | Received a gift from Okawaru
 49787 | Vaults:2 | Reached XP level 20. HP: 180/204 MP: 29/29
 50088 | Vaults:2 | Identified the ring of Neliumny {Ice rN+ Slay+5}
 50136 | Vaults:2 | Found Ryvvukk's Distillery.
 50399 | Vaults:2 | Found a staircase to the Crypt.
 50784 | Vaults:3 | Reached skill level 14 in Invocations
 50929 | Vaults:3 | Reached skill level 13 in Armour
 50973 | Vaults:3 | Reached skill level 10 in Evocations
 51276 | Vaults:3 | Identified the +7 plate armour of Bad Feelings {rC++ rN+
                  | Str+3 Int+3} (Okawaru gifted it to you on level 3 of the
                  | Vaults)
 51276 | Vaults:3 | Received a gift from Okawaru
 51628 | Vaults:3 | Reached skill level 12 in Throwing
 51872 | Vaults:3 | Reached skill level 14 in Dodging
 52885 | Vaults:3 | Found Voest's Magic Scroll Boutique.
 52893 | Vaults:3 | Bought a scroll of brand weapon for 190 gold pieces
 53875 | Vaults:4 | Paralysed by a great orb of eyes for 4 turns
 53998 | Vaults:4 | Identified the +4 ring mail of Sealirit {Int+4} (Okawaru
                  | gifted it to you on level 4 of the Vaults)
 53998 | Vaults:4 | Received a gift from Okawaru
 53999 | Vaults:4 | Reached skill level 24 in Fighting
 54434 | Vaults:4 | Reached skill level 14 in Armour
 54759 | Vaults:4 | Found Zireetar's Weapon Shop.
 55039 | Depths:1 | Entered Level 1 of the Depths
 55070 | Depths:1 | Reached XP level 21. HP: 214/214 MP: 31/31
 55103 | Depths:1 | Paralysed by a vampire knight for 2 turns
 56050 | Depths:1 | Found a shimmering blue altar of Sif Muna.
 56082 | Depths:1 | Reached skill level 11 in Evocations
 56363 | Depths:1 | Found a runed translucent door.
 56443 | Depths:1 | Received a gift from Okawaru
 56630 | Depths:1 | Found a gateway to Hell.
 56779 | Depths:2 | Reached skill level 13 in Throwing
 57058 | Depths:1 | Reached skill level 15 in Dodging
 57102 | Depths:2 | Received a gift from Okawaru
 57111 | Depths:1 | Reached skill level 15 in Invocations
 57387 | Depths:2 | Found a radiant altar of Vehumet.
 57391 | Depths:2 | Found a transporter.
 57918 | Depths:2 | Received a gift from Okawaru
 58259 | Depths:2 | Found a one-way gate leading to the halls of Pandemonium.
 58468 | Depths:3 | Received a gift from Okawaru
 59282 | Depths:3 | Identified the +2 double sword of the Vestibule of Hell
                  | {flame, rElec Will+ MP+9} (Okawaru gifted it to you on
                  | level 3 of the Depths)
 59282 | Depths:3 | Received a gift from Okawaru
 59503 | Depths:3 | Found a one-way gate to the infinite horrors of the Abyss.
 59561 | Depths:3 | Reached skill level 15 in Armour
 60023 | Depths:3 | Noticed a golden dragon
 60039 | Depths:3 | Killed a golden dragon
 60414 | Depths:3 | Identified the +1 hand axe "Jong" {vamp, rElec rC+ Str+2
                  | Dex+2}
 60418 | Depths:3 | Identified the +4 great sword "Macoaxil" {spect, rPois rF-
                  | rC+}
 60439 | Depths:3 | Identified the +0 pair of boots of Unogh {MP-9 Int+6}
 60557 | Depths:3 | Identified the staff of poison "Pueranef" {rPois Dex+5}
 60578 | Depths:3 | Reached skill level 25 in Fighting
 60744 | Depths:3 | Found a one-way gateway to a ziggurat.
 60920 | Depths:3 | Found a sacrificial altar of Ru.
 61403 | Depths:4 | Entered Level 4 of the Depths
 61604 | Depths:4 | Reached XP level 22. HP: 194/226 MP: 32/32
 62029 | Depths:4 | Received a gift from Okawaru
 62206 | Depths:4 | Paralysed by a vampire knight for 2 turns
 62929 | Depths:4 | Noticed Vv
 62930 | Arena    | Entered the Arena
 62963 | Arena    | Killed Vv
 63311 | Depths:4 | Identified the +0 quarterstaff "Worm" {freeze, Fly rCorr
                  | Int+5 Dex-3}
 63349 | Depths:4 | Found Tutode Qoisk's Assorted Antiques.
 63377 | Depths:4 | Received a gift from Okawaru
 63378 | Depths:4 | Reached skill level 12 in Evocations
 63712 | Depths:4 | Found a blossoming altar of Fedhas.
 63779 | Depths:4 | Found a gate to the Realm of Zot.
 63934 | Depths:4 | Reached skill level 14 in Throwing
 64285 | Depths:4 | Reached skill level 16 in Dodging
 65879 | Elf:1    | Reached skill level 16 in Armour
 66384 | Elf:2    | Found the +11 Singing Sword {sonic wave}
 66407 | Elf:2    | Reached skill level 16 in Invocations
 66449 | Elf:2    | Found a radiant altar of Vehumet.
 66591 | Elf:2    | Received a gift from Okawaru
 66731 | Elf:2    | Found Pinun's Antique Weapon Shop.
 66766 | Elf:2    | Found a runed translucent gate.
 66766 | Elf:2    | Found a runed translucent gate.
 66766 | Elf:2    | Found a runed translucent gate.
 66909 | Elf:3    | Entered Level 3 of the Elven Halls
 67123 | Elf:3    | Paralysed by an air elemental for 1 turns
 67526 | Elf:3    | Received a gift from Okawaru
 67593 | Elf:2    | Received a gift from Okawaru
 68105 | Elf:2    | Noticed Louise
 68123 | Elf:2    | Killed Louise
 68759 | Elf:3    | Identified the staff of conjuration "Icsaor" {+Blink rN+
                  | Int+3}
 69075 | Elf:3    | Received a gift from Okawaru
 69259 | Elf:3    | Received a gift from Okawaru
 69267 | Elf:3    | Reached XP level 23. HP: 199/232 MP: 34/34
 69301 | Elf:3    | Reached skill level 13 in Evocations
 69532 | Elf:3    | Identified the +0 chain mail "Zagiutio" {rPois rF+ Slay-4}
                  | (Okawaru gifted it to you on level 3 of the Elven Halls)
 69532 | Elf:3    | Received a gift from Okawaru
 69654 | Elf:3    | Identified the +2 hand axe of Karma {freeze, rElec rPois
                  | rC- SInv}
 69729 | Elf:3    | Identified the +11 longbow "Qenex" {speed, SInv}
 69802 | Elf:3    | Identified the staff of death "Helej" {rN+ Dex+2}
 70176 | Crypt:1  | Entered Level 1 of the Crypt
 70357 | Crypt:1  | Reached skill level 15 in Throwing
 70375 | Crypt:1  | Reached skill level 17 in Dodging
 70387 | Crypt:1  | Reached skill level 17 in Armour
 71705 | Crypt:2  | Noticed a curse skull
 71734 | Crypt:1  | Killed a curse skull
 71749 | Crypt:2  | Noticed a curse skull
 72115 | Crypt:2  | Noticed a curse skull
 72322 | Crypt:1  | Killed a curse skull
 72401 | Crypt:2  | Reached skill level 17 in Invocations
 72903 | Crypt:2  | Killed a curse skull
 73271 | Crypt:3  | Entered Level 3 of the Crypt
 73550 | Crypt:3  | Received a gift from Okawaru
 73626 | Crypt:3  | Paralysed by a vampire knight for 5 turns
 73914 | Crypt:3  | Found a staircase to the Tomb.
 73967 | Crypt:3  | Identified the +0 plate armour of Utimeoc {Rampage Str+3}
                  | (Okawaru gifted it to you on level 3 of the Crypt)
 73967 | Crypt:3  | Received a gift from Okawaru
 76472 | Crypt:3  | Identified the staff of conjuration "Abaism" {rElec rCorr}
 76670 | Crypt:3  | Noticed a royal mummy
 76705 | Crypt:3  | Killed a royal mummy
 76706 | Crypt:3  | Reached skill level 18 in Armour
 76873 | Crypt:3  | Got the Omnibus of the Cemetery
 77132 | Vaults:5 | Entered Level 5 of the Vaults
 77132 | Vaults:5 | Identified the +1 tower shield of Kalonitiel {Harm *Corrode
                  | rF+}
 77132 | Vaults:5 | Noticed Mennas
 77154 | Vaults:5 | Reached skill level 14 in Evocations
 77298 | Vaults:5 | Reached XP level 24. HP: 177/236 MP: 34/34
 77315 | Vaults:5 | Reached skill level 16 in Throwing
 77379 | Vaults:5 | Reached skill level 18 in Dodging
 77803 | Vaults:5 | Noticed an ancient lich
 77825 | Vaults:5 | HP: 1/240 [ancient lich/bolt of acid (34)]
 77826 | Vaults:5 | Killed from afar by an ancient lich

Vanquished Creatures
  A royal mummy (Crypt:3)
  Vv (Arena)
  A shard shrike (Arena)
  Saint Roka (Snake:4)
  A golden dragon (Depths:3)
  Nikola (Swamp:2)
  A bone dragon (Depths:4)
  Jorgrun (Swamp:1)
  3 liches
  Mlioglotl (Snake:3)
  2 walking earthen tomes (Depths:3)
  2 deep elf blademasters (Elf:3)
  Asterion (Snake:3)
  5 quicksilver dragons
  3 titans (Vaults:5)
  2 deep elf master archers (Elf:3)
  A walking frostbound tome (Depths:3)
  5 sphinxes
  3 ancient champions
  2 thorn hunters (Swamp:4)
  5 tengu reavers
  4 shadow dragons
  2 storm dragons (Depths:3)
  7 nagarajas
  Donald (Swamp:4)
  A draconian knight (Depths:3)
  5 fire giants
  7 frost giants
  5 deep elf sorcerers
  9 vault wardens
  2 balrugs
  3 curse skulls
  Louise (Elf:2)
  Aizul (Snake:4)
  3 orc warlords
  A deep elf elementalist (Elf:3)
  8 ghouls
  12 ironbound preservers
  A draconian annihilator (Depths:4)
  3 spriggan defenders
  2 reapers
  12 stone giants
  A cacodemon (Gauntlet)
  2 war gargoyles
  5 ironbound thunderhulks
  14 very ugly things
  4 formless jellyfish
  10 vampire knights
  2 green draconians (Depths:4)
  3 eleionomae
  7 deep elf demonologists (Elf:3)
  10 dire elephants
  A spark wasp (shapeshifter) (Vaults:5)
  A purple draconian (Depths:4)
  A minotaur (Gauntlet)
  3 white draconians
  2 lorocyprocas (Depths:3)
  4 deep elf annihilators (Elf:3)
  2 spark wasps (Depths:2)
  A red draconian (Depths:4)
  6 eidola
  A crystal guardian (Vaults:3)
  9 bunyips
  19 deep elf death magi
  6 ettins
  15 yaktaur captains
  5 deep elf high priests
  A merfolk impaler (Depths:4)
  2 jiangshi
  5 mummy priests (Crypt:3)
  An entropy weaver (shapeshifter) (Elf:2)
  6 fire dragons
  A quicksilver dragon zombie (Crypt:2)
  2 entropy weavers
  2 peacekeepers
  A shambling mangrove (Swamp:4)
  Josephine (D:15)
  11 ice dragons
  25 hydras
  4 great orbs of eyes
  A hydra (shapeshifter) (Vaults:5)
  8 salamander tyrants
  12 vault guards
  A rakshasa (Depths:3)
  3 ogre magi
  An Orb Guardian zombie (Crypt:2)
  3 spriggan skeletons
  A ghost crab (Swamp:4)
  3 catoblepae
  A fenstrider witch skeleton (Crypt:2)
  An anaconda (shapeshifter) (Vaults:5)
  6 death knights
  14 ironbound frosthearts
  Erica (Lair:2)
  3 anacondas
  6 spriggan air magi
  17 centaur warriors
  16 death yaks
  3 deep troll earth magi
  14 two-headed ogres
  28 dancing weapons
  A titan zombie (Vaults:5)
  6 alligators
  10 boulder beetles
  10 tengu warriors
  A deep troll shaman (Depths:2)
  8 vampire magi
  A quicksilver ooze zombie (Crypt:2)
  4 soul eaters
  14 naga warriors
  12 naga sharpshooters
  4 shock serpents
  2 sun demons (Depths:4)
  6 spriggan berserkers
  6 orc high priests
  13 deep elf knights
  6 hell knights (Vaults:3)
  17 spriggans
  A skyshark (shapeshifter) (Elf:1)
  5 iron trolls
  2 salamander mystics
  2 sea snakes
  A skyshark (Lair:3)
  3 titan skeletons
  A shadow wraith (Crypt:3)
  A golden dragon zombie (Crypt:1)
  A death drake (shapeshifter) (Depths:3)
  18 skeletal warriors
  4 goliath frogs
  An orange crystal statue (IceCv)
  9 glowing orange brains
  47 deep trolls
  13 bog bodies
  2 spriggan druids (Swamp:4)
  13 swamp dragons
  8 wizards
  8 flayed ghosts
  Pikel (D:8)
  A spriggan simulacrum (Crypt:1)
  A tengu zombie (Depths:1)
  3 naga ritualists
  6 harpies
  10 lindwurms
  2 bunyip skeletons
  18 phantasmal warriors
  A fire giant zombie (Crypt:3)
  11 orc knights
  9 deep elf archers
  24 deep elf pyromancers
  31 deep elf zephyrmancers
  8 necromancers
  2 mana vipers
  20 ironbound convokers
  A shadow dragon skeleton (Depths:1)
  A tengu skeleton (Depths:1)
  A wolf spider (Lair:5)
  63 ugly things
  18 salamanders
  6 manticores
  3 orc sorcerers
  A cyclops (Orc:1)
  2 will-o-the-wisps (Swamp:4)
  A wolf spider zombie (Crypt:1)
  A stone giant zombie (Crypt:1)
  12 elephants
  A frost giant skeleton (Depths:1)
  12 naga magi
  35 black mambas
  A dire elephant zombie (Crypt:1)
  17 vault sentinels
  3 guardian serpents
  A fire giant skeleton (Depths:1)
  2 torpor snails
  A centaur zombie (D:15)
  2 unseen horrors (D:11)
  17 cane toads
  4 kobold demonologists
  A catoblepas zombie (Crypt:1)
  Psyche (D:11)
  10 komodo dragons
  5 orange demons
  An efreet (D:15)
  30 yaktaurs
  3 centaur skeletons
  4 freezing wraiths
  16 rime drakes
  An alligator snapping turtle skeleton (Crypt:1)
  2 tengu conjurers
  32 guardian mummies (Crypt:3)
  2 red devils (D:10)
  A troll (shapeshifter) (D:14)
  A bloated husk (Swamp:3)
  2 large abominations (Elf:1)
  3 mana viper skeletons
  3 meliai (Gauntlet)
  An iron troll skeleton (Crypt:2)
  A catoblepas skeleton (Crypt:1)
  Grinder (D:6)
  28 hornets
  14 blink frogs
  A wolf spider simulacrum (D:15)
  5 trolls
  A tengu simulacrum (Depths:1)
  13 polar bears
  A tarantella (Vaults:3)
  6 tyrant leeches
  Prince Ribbit (D:5)
  2 saltlings (Vaults:3)
  2 harpy skeletons (Crypt:1)
  A jumping spider (Vaults:1)
  A fire dragon zombie (Crypt:1)
  2 slime creatures (shapeshifter)
  A spriggan zombie (Depths:1)
  27 slime creatures
  26 flying skulls
  A guardian serpent skeleton (Crypt:2)
  A fire dragon skeleton (Crypt:3)
  Sigmund (D:4)
  An ettin skeleton (Crypt:1)
  8 water elementals
  16 wyverns
  13 wraiths
  2 shadows (D:10)
  4 air elementals
  An alligator skeleton (Crypt:3)
  5 vampires
  40 yaks
  A fire elemental (Elf:1)
  A hog (shapeshifter) (Elf:1)
  A basilisk (D:12)
  7 ushabtiu (Crypt:3)
  Eustachio (D:5)
  6 redbacks
  11 vampire mosquitoes
  A naga (shapeshifter) (Depths:2)
  3 wargs
  2 glowing shapeshifter zombies
  3 acid dragons
  53 nagas
  27 water moccasins
  15 swamp worms
  A two-headed ogre zombie (D:10)
  A demonspawn skeleton (Crypt:3)
  An ogre skeleton (Vaults:5)
  2 floating eyes
  A naga skeleton (Crypt:1)
  46 orc warriors
  Duvessa (D:5)
  11 swamp drakes
  5 black bears
  An ice beast (D:8)
  10 wolves
  12 ogres
  13 centaurs
  A lemure (D:8)
  6 elf zombies
  7 kobold brigands
  Blork the orc (D:4)
  3 necrophages
  7 earth elementals
  2 gnoll sergeants
  2 elf skeletons
  9 bullfrogs
  4 scorpions
  A water moccasin zombie (Crypt:1)
  A warg zombie (Crypt:3)
  A troll zombie (D:10)
  Dowan (D:5)
  6 killer bees (D:11)
  3 howler monkeys
  3 electric eels
  2 hounds
  3 gnoll boudas
  37 orc priests
  A bullfrog skeleton (Crypt:3)
  4 jellies
  A human zombie (Ossuary)
  7 hell rats (Lair:4)
  2 human skeletons (D:5)
  5 iguanas
  27 orc wizards
  6 ogre zombies (D:10)
  A deep dwarf skeleton (Crypt:2)
  A hound zombie (Ossuary)
  7 mummies
  24 gnolls
  7 adders
  2 shadow imps
  A white imp (D:7)
  An ufetubus (D:7)
  An adder zombie (Ossuary)
  2 worms (D:4)
  A dart slug (D:3)
  97 orcs
  6 bats
  10 endoplasms
  3 giant cockroaches
  4 gnoll zombies (Ossuary)
  6 goblins
  6 hobgoblins
  4 jackals (D:2)
  3 quokkas
  7 ball pythons
  3 goblin zombies (D:10)
  2 hobgoblin skeletons (D:10)
  4 hobgoblin zombies
  A jackal skeleton (Crypt:1)
  2 jackal zombies (Ossuary)
  13 kobolds
  A kobold zombie (Ossuary)
  8 orc skeletons
  13 orc zombies
  5 rats
2069 creatures vanquished.

Vanquished Creatures (others)
  A fire giant (Depths:4)
  A deep elf annihilator (Elf:3)
  2 ice dragons
  A deep troll (Depths:4)
  A bog body (Crypt:3)
  A bloated husk (Swamp:4)
  A water elemental (Depths:4)
  A swamp worm (Swamp:3)
  8 foxfires (Swamp:4)
17 creatures vanquished.

Grand Total: 2086 creatures vanquished

Table legend: (Time is in decaauts)
 A = Elapsed time spent in this place.
 B = Non-inter-level travel time spent in this place.
 C = Inter-level travel time spent in this place.
 D = Time resting spent in this place.
 E = Time spent auto-exploring this place.
 F = Levels seen in this place.
 G = Mean time per level.
                   A        B        C        D        E       F      G
               +--------+--------+--------+--------+--------+-----+--------+
         Total |  76031 |  70951 |   5080 |  13954 |  43235 |  50 | 1520.6 |
       Dungeon |  17311 |  15415 |   1896 |   1622 |  11153 |  15 | 1154.1 |
          Lair |   8567 |   8090 |    477 |   1631 |   5196 |   5 | 1713.4 |
         Swamp |   5086 |   4843 |    243 |    878 |   3064 |   4 | 1271.5 |
     Snake Pit |   9379 |   9087 |    292 |   2390 |   5307 |   4 | 2344.8 |
  Orcish Mines |   2024 |   1643 |    381 |    203 |   1024 |   2 | 1012.0 |
   Elven Halls |   6574 |   6097 |    477 |   1900 |   3034 |   3 | 2191.3 |
        Vaults |  10345 |   9787 |    558 |   1786 |   5925 |   5 | 2069.0 |
         Crypt |   6277 |   5906 |    371 |   1954 |   2327 |   3 | 2092.3 |
        Depths |   8583 |   8200 |    383 |   1507 |   5032 |   4 | 2145.8 |
       Ossuary |    240 |    240 |      0 |      0 |    148 |   1 |  240.0 |
      Ice Cave |    893 |    893 |      0 |     79 |    518 |   1 |  893.0 |
      Gauntlet |    720 |    720 |      0 |      0 |    505 |   1 |  720.0 |
         Arena |     27 |     27 |      0 |      0 |      0 |   2 |   13.5 |
               +--------+--------+--------+--------+--------+-----+--------+

Top non-repeatable levels by time:
 Snake:3: 4546 daAuts
   Elf:1: 3268 daAuts
 Crypt:3: 3211 daAuts
Vaults:1: 2999 daAuts
Vaults:2: 2760 daAuts
Depths:3: 2607 daAuts
Depths:4: 2541 daAuts
Vaults:3: 2501 daAuts
 Snake:4: 2491 daAuts
    D:14: 2310 daAuts
  Lair:2: 2266 daAuts
 Swamp:4: 2200 daAuts
Depths:2: 2043 daAuts
    D:10: 1909 daAuts
  Lair:5: 1876 daAuts

Table legend:
 A = Non-vault XP
 B = Vault XP
 C = Vault XP percentage of total XP
 D = Non-vault monster count
 E = Vault monster count
 F = Vault count percentage of total count
                 A         B        C        D         E       F
            +---------+---------+-------+---------+---------+-------
      Total |  561481 |  454271 |  44.7 |    1193 |     880 |  42.5
            +---------+---------+-------+---------+---------+-------
        D:1 |      19 |       0 |   0.0 |      11 |       0 |   0.0
        D:2 |      46 |       0 |   0.0 |      19 |       0 |   0.0
        D:3 |      60 |       1 |   1.6 |      20 |       1 |   4.8
        D:4 |     377 |     452 |  54.5 |      18 |       3 |  14.3
        D:5 |     410 |     825 |  66.8 |      11 |      10 |  47.6
        D:6 |     201 |     387 |  65.8 |       8 |       2 |  20.0
        D:7 |     905 |     134 |  12.9 |      40 |       2 |   4.8
        D:8 |     608 |     663 |  52.2 |      13 |       1 |   7.1
        D:9 |    1201 |    1288 |  51.7 |      11 |       8 |  42.1
       D:10 |    3200 |    3663 |  53.4 |      25 |      69 |  73.4
       D:11 |    7352 |     769 |   9.5 |      20 |       5 |  20.0
       D:12 |    4545 |       0 |   0.0 |      21 |       0 |   0.0
       D:13 |   12366 |       0 |   0.0 |      26 |       0 |   0.0
       D:14 |   15780 |   13727 |  46.5 |      32 |      69 |  68.3
       D:15 |   13306 |    5523 |  29.3 |      21 |      12 |  36.4
     Lair:1 |    4353 |    1618 |  27.1 |      13 |       4 |  23.5
     Lair:2 |   15083 |    4004 |  21.0 |      32 |       9 |  22.0
     Lair:3 |    8958 |    3783 |  29.7 |      31 |      13 |  29.5
     Lair:4 |    9614 |    1637 |  14.5 |      34 |       6 |  15.0
     Lair:5 |   10915 |   10321 |  48.6 |      26 |      38 |  59.4
    Swamp:1 |   13519 |    1895 |  12.3 |      29 |       1 |   3.3
    Swamp:2 |   10957 |   12145 |  52.6 |      20 |      15 |  42.9
    Swamp:3 |    8590 |     646 |   7.0 |      20 |       1 |   4.8
    Swamp:4 |   12933 |   16760 |  56.4 |      24 |      28 |  53.8
    Snake:1 |    6145 |       0 |   0.0 |      13 |       0 |   0.0
    Snake:2 |   12180 |       0 |   0.0 |      29 |       0 |   0.0
    Snake:3 |   20969 |    4367 |  17.2 |      42 |       6 |  12.5
    Snake:4 |   21358 |   23957 |  52.9 |      37 |      44 |  54.3
      Orc:1 |    2050 |       0 |   0.0 |      25 |       0 |   0.0
      Orc:2 |    2672 |    5592 |  67.7 |      28 |      44 |  61.1
      Elf:1 |   16015 |   17562 |  52.3 |      29 |      47 |  61.8
      Elf:2 |   15414 |   26024 |  62.8 |      26 |      35 |  57.4
      Elf:3 |   12457 |   31243 |  71.5 |      20 |      28 |  58.3
   Vaults:1 |   24555 |   32047 |  56.6 |      39 |      46 |  54.1
   Vaults:2 |   32640 |   21741 |  40.0 |      50 |      29 |  36.7
   Vaults:3 |   24568 |   21138 |  46.2 |      41 |      30 |  42.3
   Vaults:4 |   16364 |   27713 |  62.9 |      22 |      37 |  62.7
   Vaults:5 |    7812 |   36779 |  82.5 |      12 |      35 |  74.5
    Crypt:1 |   31308 |    6325 |  16.8 |      47 |      14 |  23.0
    Crypt:2 |   30655 |    2462 |   7.4 |      41 |       3 |   6.8
    Crypt:3 |   21824 |   27327 |  55.6 |      30 |      58 |  65.9
   Depths:1 |   40516 |       0 |   0.0 |      59 |       0 |   0.0
   Depths:2 |   23592 |    2723 |  10.3 |      30 |       3 |   9.1
   Depths:3 |   20716 |   33633 |  61.9 |      21 |      29 |  58.0
   Depths:4 |   22373 |   22327 |  49.9 |      27 |      21 |  43.8
    Ossuary |       0 |     248 | 100.0 |       0 |      16 | 100.0
      IceCv |       0 |   20286 | 100.0 |       0 |      44 | 100.0
   Gauntlet |       0 |    4306 | 100.0 |       0 |      12 | 100.0
      Arena |       0 |    6230 | 100.0 |       0 |       2 | 100.0
            +---------+---------+-------+---------+---------+-------
